 Dungeon Crawl Stone Soup version 0.29-a0-483-g69413ace17 (webtiles) character file.

Game seed: 1587249133618782431

60 xian the Conjurer (level 4, 0/24 HPs)
             Began as a Tengu Conjurer on May 26, 2022.
             Slain by an orc
             ... wielding a +0 club
              (1 damage)
             ... on level 2 of the Dungeon.
             The game lasted 00:02:39 (1740 turns).

xian the Conjurer (Tengu Conjurer)                  Turns: 1740, Time: 00:02:40

Health: 0/24       AC:  2    Str:  7    XL:     4   Next: 6%
Magic:  8/8        EV: 12    Int: 21    God:
Gold:   65         SH:  0    Dex: 12    Spells: 4/7 levels left

rFire   + . .      SeeInvis .   s - +2 dagger (speed)
rCold   + . .      Faith    .   (no shield)
rNeg    . . .      Spirit   .   a - +0 robe
rPois   .          Reflect  .   (helmet restricted)
rElec   .          Harm     .   (no cloak)
rCorr   .          Rampage  .   (no gloves)
Will    .....                   (boots unavailable)
Stlth   ++........              (no amulet)
HPRegen 0.08/turn               c - ring of protection from fire
MPRegen 0.11/turn               m - ring of protection from cold

@: no status effects
A: beak, talons 3
a: no special abilities


You were on level 2 of the Dungeon.
You visited 1 branch of the dungeon, and saw 2 of its levels.

You collected 65 gold pieces.

Inventory:

Hand Weapons
 s - a +2 dagger of speed (weapon)
Armour
 a - a +0 robe (worn)
Jewellery
 c - a ring of protection from fire (left hand)
 m - a ring of protection from cold (right hand)
Scrolls
 e - 2 scrolls of identify {unknown}
 f - 2 scrolls of vulnerability {unknown}
 g - 2 scrolls of teleportation {unknown}
 i - 2 scrolls of enchant armour {unknown}
 l - a scroll of noise {unknown}
 o - a scroll of blinking {unknown}
 p - a scroll of fog {unknown}
 r - a scroll of summoning {unknown}
Potions
 b - a potion of magic
 d - 4 potions of flight {unknown}
 h - a potion of lignification {unknown}
 k - a potion of curing {unknown}
 n - a potion of mutation {unknown}
 q - a potion of degeneration {unknown}


   Skills:
 + Level 2.4 Dodging
 + Level 2.1 Stealth
 + Level 2.4 Spellcasting
 + Level 6.7 Conjurations


You had 4 spell levels left.
You knew the following spells:

 Your Spells              Type           Power      Damage    Failure   Level
a - Magic Dart            Conj           100%       1d8       1%          1
b - Searing Ray           Conj           60%        2d6       1%          2

Your spell library contained the following spells:

 Spells                   Type           Power      Damage    Failure   Level
 Dazzling Flash           Conj/Hex       32%        N/A       11%         3
 Ensorcelled Hibernation  Hex/Ice        4%         N/A       22%         2
 Fulminant Prism          Conj/Hex       8%         3d7       34%         4
 Iskenderun's Mystic Bla  Conj/Tloc      16%        2d5       34%         4
 Spider Form              Tmut/Pois      2%         N/A       38%         3
 Anguish                  Hex/Necr       1%         N/A       80%         4


Dungeon Overview and Level Annotations

Branches:
Dungeon (2/15)

Altars:


Innate Abilities, Weirdness & Mutations

You have a beak for a mouth.
You have claws for feet.


Message History

You see here a bat corpse.
You see here a worm corpse.
There is an escape hatch in the floor here.
A kobold comes into view. It is wielding a +2 dagger of speed.
The magic dart hits the kobold.
You kill the kobold!
You can't see any susceptible monsters within range! (Use Z to cast anyway.)
You can't see any susceptible monsters within range! (Use Z to cast anyway.)
You can't see any susceptible monsters within range! (Use Z to cast anyway.)
You can't see any susceptible monsters within range! (Use Z to cast anyway.)
Things that are here:
a +2 dagger of speed; a stone; a kobold corpse An orc comes into view.
It is wielding a +0 club.
Found 13 gold pieces.
Things that are here:
a +2 dagger of speed; a stone; a kobold corpse
s - a +2 dagger of speed Your hands tingle!
s - a +2 dagger of speed (weapon)
You drop a +0 club.
An orc priest and 3 orcs come into view.
The orc priest shouts!
The orc shouts!
The orc attacks as you move away! The orc hits you with a +0 flail.
The orc attacks as you move away! The orc completely misses you.
The orc closely misses you.
Things that are here:
a +0 club; a stone; a kobold corpse The orc attacks as you move away!
The orc completely misses you. The orc attacks as you move away!
The orc hits you with a +0 club. The orc attacks as you move away!
The orc hits you with a +0 club.
You hit the orc but do no damage. The orc barely misses you.
You hit the orc. Your kick misses the orc.
The orc is moderately wounded.
The orc barely misses you.
The orc priest mumbles some strange prayers to Beogh against you.
Beogh smites you!
Ouch! That really hurt!
* * * LOW HITPOINT WARNING * * *
The orc attacks as you move away! The orc hits you with a +0 club.
You die...

.# #.# #.#
#...# .#
#.# #.#
#.#)# )#
#.#
#.#####..<.
.# #.#
#..........
.# #†#
########...
.# #†#
..†.... ##
#># ####...
#.# #...
#@#.# ####
#o#o# #o#o#
#.#o# #.#.#
#.#.######
#)#....$..
## #.o.# #.
#...# #.


You could see an orc priest and 2 orcs.

Vanquished Creatures
  Jessica (D:2)
  2 worms (D:2)
  5 endoplasms
  3 goblins
  A hobgoblin (D:1)
  3 kobolds
  A quokka (D:1)
  3 ball pythons
  4 bats
  4 rats
27 creatures vanquished.

Notes
Turn   | Place    | Note
-------+----------+-------------------------------------------
     0 | D:1      | xian the Tengu Conjurer began the quest for the Orb.
     0 | D:1      | Reached XP level 1. HP: 10/10 MP: 4/4
   486 | D:1      | Reached XP level 2. HP: 15/15 MP: 3/6
   623 | D:1      | Found a faded altar of an unknown god.
  1263 | D:2      | Reached skill level 6 in Conjurations
  1391 | D:2      | Noticed Jessica
  1400 | D:2      | Killed Jessica
  1401 | D:2      | Reached XP level 3. HP: 19/19 MP: 3/7
  1411 | D:2      | Learned a level 2 spell: Searing Ray
  1649 | D:2      | Reached XP level 4. HP: 24/24 MP: 0/8
  1739 | D:2      | HP: 1/24 [orc priest/divine providence (17)]
  1740 | D:2      | Slain by an orc

Illustrated notes

Levels and vault maps discovered:
D:1:      minmay_arrival_open_corners, layout_loops_corners,
          basic_ecumenical_altar
D:2:      layout_basic, uniq_jessica

Skill      XL: |  1  2 |
---------------+-------+-----
Conjurations   | 6 |  6.7
Dodging        | |  2.4
Stealth        | |  2.1
Spellcasting   | |  2.4

Action                   |  1- 3 |  4- 6 || total
-------------------------+-------+-------++-------
Melee: Club              |       |     2 ||     2
       Dagger            |       |     2 ||     2
       Kick              |       |     1 ||     1
       Peck              |       |     1 ||     1
 Cast: Magic Dart        |    58 |     1 ||    59
Armor: Robe              |       |     2 ||     2
Dodge: Dodged            |       |     7 ||     7

Table legend: (Time is in decaauts)
 A = Elapsed time spent in this place.
 B = Non-inter-level travel time spent in this place.
 C = Inter-level travel time spent in this place.
 D = Time resting spent in this place.
 E = Time spent auto-exploring this place.
 F = Levels seen in this place.
 G = Mean time per level.
                   A        B        C        D        E       F      G
               +--------+--------+--------+--------+--------+-----+--------+
         Total |   1737 |   1704 |     33 |      0 |   1531 |   2 |  868.5 |
       Dungeon |   1737 |   1704 |     33 |      0 |   1531 |   2 |  868.5 |
               +--------+--------+--------+--------+--------+-----+--------+

Top non-repeatable levels by time:
     D:1: 1223 daAuts
     D:2: 514 daAuts
